 Dungeon Crawl Stone Soup version 0.31-a0-180-g519b7de00c (webtiles) character file.

Game seed: 12947064630688196396

418 qw the Chopper (level 6, -5/39 HPs)
             Began as a Gargoyle Fighter on June 19, 2023.
             Was an Initiate of Okawaru.
             Slain by an ogre
             ... wielding a +0 giant spiked club
              (18 damage)
             ... on level 5 of the Dungeon.
             The game lasted 00:01:45 (3510 turns).

qw the Chopper (Gargoyle Fighter)                   Turns: 3510, Time: 00:01:45

Health: -5/39      AC: 14    Str: 21    XL:     6   Next: 93%
Magic:  6/6        EV:  7    Int:  9    God:    Okawaru [......]
Gold:   188        SH:  9    Dex:  9    Spells: 5/5 levels left

rFire   . . .        Y - +1 war axe (freeze)
rCold   . . .        c - +0 buckler
rNeg    + . .        h - +0 chain mail
rPois   inf          (no helmet)
rElec   +            m - +0 cloak
rCorr   .            (no gloves)
SInv    .            (no boots)
Will    .....        i - amulet of reflection Stlth
                     (no ring)
HPRegen 0.26/turn    (no ring)
MPRegen 0.10/turn

%: reflection
@: no status effects
A: sickness immunity, AC +4, negative energy resistance 1, electricity
resistance, torment resistance 1, petrification resistance
a: Renounce Religion


You were on level 5 of the Dungeon.
You worshipped Okawaru.
Okawaru was noncommittal.
You visited 2 branches of the dungeon, and saw 6 of its levels.

You collected 188 gold pieces.


Innate Abilities, Weirdness & Mutations

You are immune to sickness and miasma.
Your stone body is resilient. (AC +4)
You are immune to poison.
You resist negative energy. (rN+)
You are resistant to electric shocks. (rElec)
You are resistant to unholy torment.
You are immune to petrification.


   Skills:
 - Level 4.7 Fighting
 + Level 5.9 Axes
 - Level 3.2 Armour
 - Level 3.2 Shields


You had 5 spell levels left.
You didn't know any spells.
Your spell library was empty.

Inventory:

Hand Weapons
 k - a +0 flail
 Y - a +1 war axe of freezing (weapon)
Armour
 c - a +0 buckler (worn)
 h - a +0 chain mail (worn)
 m - a +0 cloak (worn)
Jewellery
 i - an amulet of reflection (around neck)
Wands
 e - a wand of digging (3)
Scrolls
 a - 2 scrolls of identify
Potions
 b - a potion of mutation
 d - 3 potions of might
 g - 3 potions of cancellation
 j - 2 potions of heal wounds
 l - a potion of resistance

Dungeon Overview and Level Annotations

Branches:
Dungeon (5/15)             Temple (1/1) D:4

Altars:
Ashenzari
Cheibriados
Fedhas
Gozag
Hepliaklqana
Kikubaaqudgha
Makhleb
Nemelex Xobeh
Okawaru
Qazlal
Sif Muna
Uskayaw
Vehumet
Yredelemnul
Zin
The Shining One

Shops:
D:3 [


Message History

You feel your willpower return.
HP restored.
Items here: % )) [.
Items here: % )) [[.
You see here a +0 scale mail.
Found a stone staircase leading up.
An ufetubus comes into view.
The ufetubus shouts!
An ufetubus comes into view.
The ufetubus shouts!
You hit the ufetubus.
The ufetubus is moderately wounded.
You block the ufetubus's attack. x3; The ufetubus hits you.
You slash the ufetubus!
You kill the ufetubus!
Okawaru accepts your kill. You block the ufetubus's attack. x2
An ogre comes into view. It is wielding a +0 giant spiked club.
The ogre shouts!
You slash the ufetubus!
You kill the ufetubus!
Okawaru accepts your kill.
You hit the ogre. You freeze the ogre.
The ogre is lightly wounded.
The ogre barely misses you.
You barely miss the ogre.
The ogre is lightly wounded.
The ogre hits you with a +0 giant spiked club!
You completely miss the ogre.
The ogre is lightly wounded.
You barely miss the ogre.
The ogre is lightly wounded.
You block the ogre's attack.
You barely miss the ogre.
The ogre is lightly wounded.
The ogre hits you with a +0 giant spiked club!
You barely miss the ogre.
The ogre is lightly wounded.
The ogre hits you with a +0 giant spiked club!!
You die...

.....#.#........#
. #..##...##
...#..##...#
.........#.##
....##...#.<# .
##.##..##
#.......#
##..####.. #..@#
.. ###O!......
#........
........#
.........
.........#
.........#
.......####


You could see an ogre.

Vanquished Creatures
  A scorpion (D:4)
  4 orc priests
  A sleepcap (D:4)
  2 orc wizards (D:5)
  9 adders
  2 ufetubi (D:5)
  2 worms
  3 dart slugs
  2 orcs
  8 endoplasms
  A giant cockroach (D:4)
  3 goblins
  5 hobgoblins
  4 jackals
  9 kobolds
  2 quokkas
  6 ball pythons
  2 bats
  A frilled lizard (D:1)
  5 rats
72 creatures vanquished.

Notes
Turn   | Place    | Note
-------+----------+-------------------------------------------
     0 | D:1      | qw the Gargoyle Fighter began the quest for the Orb.
     0 | D:1      | Reached XP level 1. HP: 14/14 MP: 1/1
     0 | D:1      | 0 ||| qw: Version: 0.3-a-7-ge0c9b40
     0 | D:1      | 0 ||| qw: Game counter: 1087
     0 | D:1      | 0 ||| qw: Always use a shield: true
     0 | D:1      | 0 ||| qw: God list: Okawaru
     0 | D:1      | 0 ||| qw: Allow faded altars: false
     0 | D:1      | 0 ||| qw: Do Orc after D:15 true
     0 | D:1      | 0 ||| qw: Do second Lair branch before Depths: true
     0 | D:1      | 0 ||| qw: Lair rune preference: random
     0 | D:1      | 0 ||| qw: Plans: Normal, Zot:1-4, Slime:5, God:TSO, Crypt,
                  | Tomb, Abyss, Pan, Hells, Win
     0 | D:1      | 0 ||| PLANNING D:1-11
    43 | D:1      | Reached skill level 2 in Axes
    49 | D:1      | 49 ||| Stepping ~*~*~tactically~*~*~ (hiding).
    60 | D:1      | 60 ||| FLEEEEING.
    61 | D:1      | 61 ||| FLEEEEING.
    62 | D:1      | 62 ||| FLEEEEING.
    63 | D:1      | 63 ||| FLEEEEING.
    64 | D:1      | 64 ||| FLEEEEING.
    65 | D:1      | 65 ||| FLEEEEING.
    66 | D:1      | 66 ||| FLEEEEING.
    67 | D:1      | 67 ||| FLEEEEING.
    68 | D:1      | 68 ||| FLEEEEING.
    69 | D:1      | 69 ||| FLEEEEING.
    70 | D:1      | 70 ||| FLEEEEING.
    71 | D:1      | 71 ||| FLEEEEING.
    72 | D:1      | 72 ||| FLEEEEING.
    73 | D:1      | 73 ||| FLEEEEING.
    74 | D:1      | 74 ||| FLEEEEING.
    78 | D:1      | Reached XP level 2. HP: 18/19 MP: 2/2
    99 | D:1      | 99 ||| DROPPING +0 club.
   181 | D:1      | 181 ||| Stepping ~*~*~tactically~*~*~ (hiding).
   342 | D:1      | 342 ||| Stepping ~*~*~tactically~*~*~ (hiding).
   489 | D:1      | Reached skill level 3 in Axes
   626 | D:1      | 626 ||| UPGRADING to amulet of reflection.
   631 | D:1      | 631 ||| DROPPING +6 ring of intelligence.
   632 | D:1      | 632 ||| DROPPING ring of flight.
   633 | D:1      | 633 ||| READING 4 scrolls labelled SUENED VETSU.
   634 | D:1      | 634 ||| READING scroll labelled CECHAUWOADD.
   635 | D:1      | 635 ||| READING scroll labelled BEC ATEPOSSEUX.
   636 | D:1      | 636 ||| DRINKING 2 bubbling pink potions.
   670 | D:2      | Reached XP level 3. HP: 23/23 MP: 3/3
   690 | D:2      | 690 ||| Stepping ~*~*~tactically~*~*~ (stealth).
   783 | D:2      | Reached XP level 4. HP: 26/28 MP: 4/4
   809 | D:2      | 809 ||| Stepping ~*~*~tactically~*~*~ (hiding).
  1072 | D:2      | Reached skill level 4 in Axes
  1161 | D:2      | 1161 ||| READING scroll labelled VIASKEAROWK.
  1162 | D:2      | 1162 ||| READING scroll labelled TACIOZXODDU.
  1163 | D:2      | 1163 ||| READING scroll labelled LEUZXU OQOMMOI.
  1189 | D:3      | 1189 ||| STAIRDANCE
  1196 | D:2      | Reached XP level 5. HP: 15/32 MP: 5/5
  1372 | D:3      | 1372 ||| DROPPING +0 whip.
  1705 | D:3      | Reached skill level 5 in Axes
  1714 | D:3      | Found Rupas's Armour Shoppe.
  1720 | D:3      | 1720 ||| SHOPLISTING +0 plate armour (322 gold, have 91).
  1720 | D:3      | 1720 ||| SHOPLISTING +4 plate armour of cold resistance
                  | (700 gold, have 91).
  2212 | D:3      | 2212 ||| UPGRADING to +0 chain mail.
  2222 | D:3      | 2222 ||| DROPPING +0 scale mail.
  2223 | D:3      | 2223 ||| READING scroll labelled BUK JARARUEV TITY.
  2224 | D:3      | 2224 ||| DRINKING 3 blue potions.
  2289 | D:4      | Reached XP level 6. HP: 38/39 MP: 6/6
  2438 | D:4      | Found a staircase to the Ecumenical Temple.
  2439 | D:4      | 2439 ||| PLANNING TEMPLE
  2439 | D:4      | 2439 ||| READING 2 scrolls labelled OTEEJO WYAPSYR.
  2444 | D:4      | 2444 ||| READING 4 scrolls of identify.
  2444 | D:4      | 2444 ||| IDENTIFYING murky cyan potion
  2445 | D:4      | 2445 ||| Stepping randomly (stuck).
  2446 | D:4      | 2446 ||| Stepping randomly (stuck).
  2447 | D:4      | 2447 ||| Stepping randomly (stuck).
  2448 | D:4      | 2448 ||| Stepping randomly (stuck).
  2450 | D:4      | 2450 ||| Stepping randomly (stuck).
  2451 | D:4      | 2451 ||| Stepping randomly (stuck).
  2452 | D:4      | 2452 ||| Stepping randomly (stuck).
  2453 | D:4      | 2453 ||| Stepping randomly (stuck).
  2454 | D:4      | 2454 ||| Stepping randomly (stuck).
  2455 | D:4      | 2455 ||| Stepping randomly (stuck).
  2456 | D:4      | 2456 ||| Stepping randomly (stuck).
  2457 | D:4      | 2457 ||| Stepping randomly (stuck).
  2458 | D:4      | 2458 ||| Stepping randomly (stuck).
  2459 | D:4      | 2459 ||| Stepping randomly (stuck).
  2460 | D:4      | 2460 ||| Stepping randomly (stuck).
  2461 | D:4      | 2461 ||| Stepping randomly (stuck).
  2462 | D:4      | 2462 ||| Stepping randomly (stuck).
  2463 | D:4      | 2463 ||| Stepping randomly (stuck).
  2464 | D:4      | 2464 ||| Stepping randomly (stuck).
  2465 | D:4      | 2465 ||| Stepping randomly (stuck).
  2466 | D:4      | 2466 ||| Stepping randomly (stuck).
  2467 | D:4      | 2467 ||| Stepping randomly (stuck).
  2468 | D:4      | 2468 ||| Stepping randomly (stuck).
  2469 | D:4      | 2469 ||| Stepping randomly (stuck).
  2470 | D:4      | 2470 ||| Stepping randomly (stuck).
  2471 | D:4      | 2471 ||| Stepping randomly (stuck).
  2472 | D:4      | 2472 ||| Stepping randomly (stuck).
  2473 | D:4      | 2473 ||| Stepping randomly (stuck).
  2474 | D:4      | 2474 ||| Stepping randomly (stuck).
  2475 | D:4      | 2475 ||| Stepping randomly (stuck).
  2476 | D:4      | 2476 ||| Stepping randomly (stuck).
  2477 | D:4      | 2477 ||| Stepping randomly (stuck).
  2478 | D:4      | 2478 ||| Stepping randomly (stuck).
  2479 | D:4      | 2479 ||| Stepping randomly (stuck).
  2480 | D:4      | 2480 ||| Stepping randomly (stuck).
  2481 | D:4      | 2481 ||| Stepping randomly (stuck).
  2482 | D:4      | 2482 ||| Stepping randomly (stuck).
  2483 | D:4      | 2483 ||| Stepping randomly (stuck).
  2484 | D:4      | 2484 ||| Stepping randomly (stuck).
  2485 | D:4      | 2485 ||| Stepping randomly (stuck).
  2486 | D:4      | 2486 ||| Stepping randomly (stuck).
  2487 | D:4      | 2487 ||| Stepping randomly (stuck).
  2488 | D:4      | 2488 ||| Stepping randomly (stuck).
  2489 | D:4      | 2489 ||| Stepping randomly (stuck).
  2490 | D:4      | 2490 ||| Stepping randomly (stuck).
  2491 | D:4      | 2491 ||| Stepping randomly (stuck).
  2492 | D:4      | 2492 ||| Stepping randomly (stuck).
  2493 | D:4      | 2493 ||| Stepping randomly (stuck).
  2494 | D:4      | 2494 ||| Stepping randomly (stuck).
  2495 | D:4      | 2495 ||| Stepping randomly (stuck).
  2496 | D:4      | 2496 ||| Stepping randomly (stuck).
  2497 | D:4      | 2497 ||| READING scroll of teleportation.
  2535 | Temple   | Entered the Ecumenical Temple
  2536 | Temple   | 2536 ||| PLANNING OKAWARU WORSHIP
  2715 | Temple   | Became a worshipper of Warmaster Okawaru
  2716 | Temple   | 2716 ||| PLANNING D:1-11
  3082 | D:4      | 3082 ||| Stepping ~*~*~tactically~*~*~ (hiding).
  3404 | D:4      | 3404 ||| UPGRADING to +0 cloak.
  3409 | D:4      | 3409 ||| READING scroll labelled LEKHLEPNANN.
  3410 | D:4      | 3410 ||| READING 3 scrolls of identify.
  3410 | D:4      | 3410 ||| IDENTIFYING cyan potion
  3424 | D:5      | Entered Level 5 of the Dungeon
  3429 | D:5      | 3429 ||| Stepping ~*~*~tactically~*~*~ (hiding).
  3510 | D:5      | Slain by an ogre

Levels and vault maps discovered:
D:1:      ldierk_walled_garden_2, layout_basic, corexii_leaking_fountain,
          serial_bayou_pond_e
D:2:      layout_rooms, minmay_pentomino_o4
D:3:      layout_loops_corners, serial_shops, shop, kennysheep_donut,
          minmay_misc_feat_diagonals, serial_bayou_pond_d,
          roderic_serpentine_path
D:4:      layout_loops_corners, minmay_temple_entry_fiery
D:5:      layout_cave_pools
Temple:   nicolae_temple_bog_church

Skill      XL: |  1  2  3  4  5 |
---------------+----------------+-----
Axes           | 2 3 4 5 |  5.9
Fighting       | 4 |  4.7
Armour         | |  3.2
Shields        | |  3.2

Action                     |  1- 3 |  4- 6 || total
---------------------------+-------+-------++-------
  Melee: War axe           |    79 |   117 ||   196
  Throw: Boomerang         |     5 |    41 ||    46
    Use: Scroll            |     3 |     9 ||    12
         Potion            |     1 |     1 ||     2
 Armour: Scale mail        |    45 |    32 ||    77
         Chain mail        |       |    22 ||    22
  Dodge: Dodged            |    46 |    35 ||    81
  Block: Buckler           |    22 |    41 ||    63

Table legend:
 A = Non-vault XP
 B = Vault XP
 C = Vault XP percentage of total XP
 D = Non-vault monster count
 E = Vault monster count
 F = Vault count percentage of total count
                 A         B        C        D         E       F
            +---------+---------+-------+---------+---------+-------
      Total |     582 |      16 |   2.7 |      69 |       3 |   4.2
            +---------+---------+-------+---------+---------+-------
        D:1 |      31 |       0 |   0.0 |      18 |       0 |   0.0
        D:2 |     117 |      16 |  12.0 |      16 |       3 |  15.8
        D:3 |      80 |       0 |   0.0 |      14 |       0 |   0.0
        D:4 |     182 |       0 |   0.0 |      15 |       0 |   0.0
        D:5 |     172 |       0 |   0.0 |       6 |       0 |   0.0
            +---------+---------+-------+---------+---------+-------
